 Dungeon Crawl Stone Soup version 0.29-a0-802-g34511f41fd (webtiles) character file.

Game seed: 7931662557213892549

28 shukka the Chopper (level 3, -11/31 HPs)
             Began as a Minotaur Berserker on July 3, 2022.
             Was a Believer of Trog.
             Mangled by a kobold
             ... wielding a +2 short sword of electrocution
              (19 damage)
             ... on level 1 of the Dungeon.
             The game lasted 00:01:36 (580 turns).

shukka the Chopper (Minotaur Berserker)              Turns: 580, Time: 00:01:37

Health: -11/31     AC:  2    Str: 23    XL:     3   Next: 0%
Magic:  2/2        EV: 12    Int:  4    God:    Trog [**....]
Gold:   42         SH:  0    Dex:  9    Spells: 2/2 levels left

rFire   . . .      SeeInvis .   a - +0 hand axe
rCold   . . .      Faith    .   (no shield)
rNeg    . . .      Spirit   .   b - +0 animal skin
rPois   .          Reflect  .   (helmet restricted)
rElec   .          Harm     .   (no cloak)
rCorr   .          Rampage  .   (no gloves)
Will    .....                   (no boots)
Stlth   +.........              (no amulet)
HPRegen 0.10/turn               (no ring)
MPRegen 0.08/turn               (no ring)

@: no status effects
A: horns 2, retaliatory headbutt
a: Renounce Religion, Berserk, Trog's Hand


You were on level 1 of the Dungeon.
You worshipped Trog.
Trog was pleased with you.
You visited 1 branch of the dungeon, and saw 1 of its levels.

You collected 42 gold pieces.

Inventory:

Hand Weapons
 a - a +0 hand axe (weapon)
Armour
 b - a +0 animal skin (worn)
Jewellery
 d - an amulet of magic regeneration
Scrolls
 c - a scroll of brand weapon {unknown}
Potions
 e - a potion of degeneration {unknown}


   Skills:
 - Level 3.6 Fighting
 + Level 5.1 Axes
 - Level 2.4 Armour
 - Level 2.1 Dodging


You had 2 spell levels left.
You didn't know any spells.
Your spell library was empty.

Dungeon Overview and Level Annotations

Branches:
Dungeon (1/15)

Altars:


Innate Abilities, Weirdness & Mutations

You have a pair of horns on your head.
You reflexively headbutt those who attack you in melee.


Message History

Things that are here:
a +0 dagger; a +0 club; a goblin corpse
Things that are here:
a +0 short sword; 3 stones; a kobold corpse
Okay, then.
Things that are here:
a +0 dagger; a +0 club; a goblin corpse
Found a stone staircase leading down.
There is a stone staircase leading down here.
Found 3 stones.
A kobold comes into view. It is wielding a +0 club.
The kobold shouts!
The kobold throws a stone.
The stone hits you.
Found a scale mail and 7 gold pieces.
The kobold throws a stone.
The stone hits you but does no damage. The kobold barely misses you.
You furiously retaliate!
You headbutt the kobold!
You kill the kobold!
Trog accepts your kill.
You have reached level 3!
Your experience leads to an increase in your attributes!
Increase (S)trength, (I)ntelligence, or (D)exterity?
You feel stronger. x2
Things that are here:
a +0 club; 4 stones A kobold comes into view.
It is wielding a +2 short sword of electrocution.
The kobold shouts!
The kobold throws a stone.
The stone misses you.
Found 5 stones.
The kobold throws a stone.
The stone hits you.
The kobold throws a stone.
The stone hits you but does no damage.
You closely miss the kobold.
The kobold hits you with a +2 short sword of electrocution.
You are electrocuted!
You closely miss the kobold. Your headbutt misses the kobold.
The kobold hits you with a +2 short sword of electrocution.
You closely miss the kobold. Your headbutt misses the kobold.
The kobold hits you with a +2 short sword of electrocution.
* * * LOW HITPOINT WARNING * * *
You are electrocuted!!
Ouch! That really hurt!
You die...

#.....# ####..)##
#.......### ##.....#
#....(..###.......#
###..###
##.................# #
#..#
.........###.......#
###).######.......#
#.......#
##................#
#.......#
##...######.......#
#.....### .....#
#.......# ...#..# ###..#
#..[..@.# .#.#..# #
#...# #....#K## . ....#
# ##..# #...###.. # ....
...# ##.# # ........ .#
## ..##### .##(#.. ...
##≈≈≈##..........#.# ###
##≈≈P≈≈##...#.....#.##
..
##≈≈≈.≈≈≈##.##........##


You could see a kobold.

Vanquished Creatures
  2 dart slugs (D:1)
  An endoplasm (D:1)
  4 goblins (D:1)
  2 hobgoblins (D:1)
  2 jackals (D:1)
  3 ball pythons (D:1)
  2 bats (D:1)
  A frilled lizard (D:1)
  4 kobolds (D:1)
  2 rats (D:1)
23 creatures vanquished.

Notes
Turn   | Place    | Note
-------+----------+-------------------------------------------
     0 | D:1      | shukka the Minotaur Berserker began the quest for the Orb.
     0 | D:1      | Reached XP level 1. HP: 19/19 MP: 0/0
    22 | D:1      | Reached skill level 4 in Axes
    32 | D:1      | Reached XP level 2. HP: 10/26 MP: 1/1
   520 | D:1      | Reached ** piety under Trog
   522 | D:1      | Reached skill level 5 in Axes
   569 | D:1      | Reached XP level 3. HP: 31/31 MP: 2/2
   580 | D:1      | Mangled by a kobold

Illustrated notes

Levels and vault maps discovered:
D:1:      lightli_arrival_statuegarden, layout_rooms

Skill      XL: |  1  2 |
---------------+-------+-----
Axes           | 4 5 |  5.1
Fighting       | |  3.6
Armour         | |  2.4
Dodging        | |  2.1

Action                   || total
-------------------------++-------
Melee: Hand axe          ||    52
       Headbutt          ||     3
Armor: Animal skin       ||    14
Dodge: Dodged            ||    36

Table legend: (Time is in decaauts)
 A = Elapsed time spent in this place.
 B = Non-inter-level travel time spent in this place.
 C = Inter-level travel time spent in this place.
 D = Time resting spent in this place.
 E = Time spent auto-exploring this place.
 F = Levels seen in this place.
 G = Mean time per level.
                   A        B        C        D        E       F      G
               +--------+--------+--------+--------+--------+-----+--------+
         Total |    584 |    584 |      0 |      0 |    427 |   1 |  584.0 |
       Dungeon |    584 |    584 |      0 |      0 |    427 |   1 |  584.0 |
               +--------+--------+--------+--------+--------+-----+--------+

Top non-repeatable levels by time:
     D:1: 584 daAuts
